Map: Dusk Towers

Players

TaylorSwift - Winner!

  • Race: Protoss Protoss
  • League: Master

DijiDiji

  • Race: Terran Terran
  • League: Master

VOD

Have the link to the VOD?

Description

Time

  • Played on: Jan. 29, 2016, 4:52 a.m.
  • Length: 14:54
Show
View Real Time Build Order
Export as new Build Order

TaylorSwift Protoss - Winner!

Build Orders: Nexus First 

Get SALT Encoding   

  12  0:01  Probe (Chrono Boost)  
  13  0:12  Probe (Chrono Boost)  
  14  0:18  Pylon  
  14  0:22  Probe (Chrono Boost)  
  15  0:36  Probe (Chrono Boost)  
  16  0:54  Probe (Chrono Boost)  
  17  0:59  Nexus  
  17  1:04  Probe (Chrono Boost)  
  18  1:12  Gateway  
  18  1:17  Probe (Chrono Boost)  
  19  1:23  Assimilator  
  19  1:27  Probe (Chrono Boost)  
  19  1:29  Assimilator  
  20  1:38  Probe (Chrono Boost)  
  21  1:42  Pylon  
  21  1:48  Probe (Chrono Boost)  
  22  1:59  Cybernetics Core, Probe (Chrono Boost)  
  23  2:10  Probe (Chrono Boost)  
  23  2:14  Probe (Chrono Boost)  
  25  2:20  Probe (Chrono Boost)  
  26  2:24  Probe (Chrono Boost)  
  27  2:31  Probe (Chrono Boost)  
  27  2:34  Pylon  
  27  2:36  Warp Gate  
  28  2:42  Mothership Core (Chrono Boost)  
  30  2:53  Adept  
  30  2:55  Probe (Chrono Boost)  
  32  3:00  Probe (Chrono Boost), Twilight Council  
  32  3:05  Probe (Chrono Boost)  
  34  3:11  Probe (Chrono Boost), Forge  
  35  3:13  Pylon  
  35  3:16  Probe (Chrono Boost)  
  36  3:21  Probe (Chrono Boost)  
  36  3:24  Adept  
  36  3:26  Probe (Chrono Boost)  
  40  3:32  Probe (Chrono Boost)  
  41  3:37  Probe (Chrono Boost), Resonating Glaives  
  42  3:42  Probe (Chrono Boost)  
  42  3:47  Gateway, Probe (Chrono Boost)  
  44  3:49  Gateway  
  44  3:53  Adept  
  46  3:56  Probe (Chrono Boost)  
  46  4:00  Gateway  
  47  4:02  Protoss Ground Weapons Level 1  
  47  4:09  Photon Cannon  
  47  4:14  Photon Cannon  
  47  4:25  Pylon  
  47  4:27  Pylon  
  47  4:29  Probe x2 (Chrono Boost)  
  47  4:31  Pylon  
  49  4:33  Gateway  
  49  4:45  Assimilator  
  49  4:49  Assimilator  
  47  5:26  Photon Cannon  
  47  5:28  Probe x2 (Chrono Boost)  
  47  5:29  Photon Cannon  
  47  5:31  Adept x3, Photon Cannon  
  53  5:42  Gateway  
  53  5:44  Gateway, Adept x2  
  53  5:48  Robotics Facility  
  57  5:50  Pylon  
  57  5:57  Protoss Ground Armor Level 1 (Chrono Boost)  
  57  5:58  Photon Cannon  
  57  6:00  Pylon  
  57  6:01  Probe (Chrono Boost)  
  57  6:02  Probe (Chrono Boost)  
  57  6:03  Adept x3  
  65  6:15  Adept x2  
  69  6:22  Nexus  
  69  6:27  Probe  
  69  6:29  Probe  
  71  6:33  Blink  
  71  6:41  Probe  
  71  6:42  Observer  
  73  6:48  Pylon  
  73  6:49  Probe  
  73  6:52  Pylon  
  73  6:53  Probe  
  75  7:00  Probe  
  74  7:03  Assimilator  
  74  7:05  Probe  
  74  7:06  Assimilator  
  74  7:07  Immortal  
  80  7:10  Probe  
  80  7:12  Templar Archives  
  81  7:19  Probe  
  81  7:21  Probe  
  80  7:26  Pylon  
  80  7:27  Pylon  
  81  7:32  Probe  
  82  7:39  Psionic Storm  
  82  7:40  Adept x3  
  82  7:43  Probe  
  88  7:44  Probe  
  88  7:46  Immortal  
  94  8:00  High Templar x4  
  102  8:21  Archon x2  
  102  8:23  Adept x2  
  102  8:24  Adept  
  102  8:32  Mothership Core  
  93  8:38  Observer  
  93  8:41  Stalker x4  
  98  8:55  Adept  
  98  8:56  Adept x2  
  98  9:13  Stalker x2  
  98  9:14  Stalker x2  
  102  9:30  Stalker  
  92  9:49  Adept x6  
  84  10:00  Adept  
  84  10:22  Adept x3  
  84  10:23  Adept  
  84  10:24  Adept  
  84  10:25  Adept  
  76  10:44  Stalker x4  
  76  10:45  Stalker  
  78  11:00  Probe x2  
  78  11:07  Adept x2  
  78  11:08  Adept x4  
  78  11:10  Probe  
  86  11:12  Probe  
  86  11:13  Observer (Chrono Boost)  
  89  11:21  Probe  
  89  11:24  Probe  
  91  11:31  Probe  
  91  11:32  Pylon  
  91  11:35  Pylon  
  91  11:36  Pylon  
  91  11:37  Pylon  
  91  11:39  Mothership Core  
  94  11:46  Pylon  
  94  11:49  Probe  
  94  11:50  Pylon  
  94  11:51  Stalker x2  
  94  11:52  Stalker  
  94  11:53  Stalker x3  
  107  11:58  Pylon  
  107  11:59  Pylon  
  83  12:31  Stalker x4  
  83  12:32  Stalker x2  
  79  12:56  Stalker x2  
  79  12:57  Stalker x4  
  69  13:42  Adept x6  
  69  13:47  Nexus  
  69  13:48  Pylon x2  
  79  14:02  Adept  
  79  14:03  Adept x5  
  79  14:09  Warp Prism (Chrono Boost)  
  93  14:24  Adept x5  
  94  14:25  Adept  
  88  14:52  Stalker x6  
Show
View Real Time Build Order
Export as new Build Order

DijiDiji Terran 

Build Orders: MMM Bio 

Get SALT Encoding   

  12  0:00  SCV  
  13  0:13  SCV  
  14  0:17  Supply Depot  
  14  0:25  SCV  
  15  0:39  SCV  
  15  0:41  Barracks  
  16  0:46  Refinery  
  16  0:51  SCV  
  17  1:03  SCV  
  18  1:15  SCV  
  19  1:27  Orbital Command  
  19  1:34  Barracks Reactor  
  19  1:41  Command Center  
  19  1:52  Barracks  
  19  1:55  SCV  
  20  2:04  Supply Depot  
  20  2:08  SCV  
  20  2:14  Marine x2  
  22  2:28  SCV  
  22  2:29  Refinery  
  23  2:39  Marine x2  
  23  2:41  Barracks Tech Lab, Factory  
  25  2:48  SCV  
  26  2:58  Marine x2  
  27  3:00  SCV  
  27  3:01  Stimpack  
  27  3:04  Marine  
  30  3:13  SCV  
  31  3:20  Orbital Command  
  31  3:25  Marine  
  31  3:26  SCV  
  33  3:34  Starport  
  33  3:35  Factory Reactor  
  33  3:40  Marine x2  
  35  3:42  SCV  
  35  3:44  Marine  
  35  3:48  SCV  
  38  3:55  Supply Depot  
  38  3:57  SCV  
  38  4:00  Marine  
  38  4:02  Marauder  
  42  4:07  SCV  
  42  4:09  SCV  
  44  4:16  Marine  
  45  4:17  Medivac x2  
  45  4:21  Supply Depot  
  49  4:28  Engineering Bay, Marauder  
  51  4:31  Marine  
  51  4:32  SCV  
  51  4:33  SCV  
  54  4:40  Supply Depot  
  54  4:44  SCV  
  56  4:45  SCV  
  56  4:58  SCV x2  
  54  5:12  SCV x2  
  54  5:14  Marauder, Widow Mine, Marine x2  
  54  5:16  Viking x2  
  59  5:24  SCV x2, Terran Infantry Armor Level 1, Combat Shields  
  61  5:36  SCV  
  61  5:39  SCV  
  63  5:44  Marine x2  
  63  5:45  Marauder  
  63  5:48  SCV  
  68  5:52  SCV  
  69  5:59  Factory Reactor  
  69  6:00  SCV  
  69  6:01  Barracks  
  70  6:10  Starport Tech Lab  
  70  6:12  Supply Depot x2  
  70  6:30  High Capacity Fuel Tanks  
  70  6:33  SCV x2, Refinery, Marine x2  
  70  6:34  Refinery, Marauder  
  76  6:45  SCV x2  
  78  6:47  Command Center  
  78  6:50  Medivac, Marine x2  
  78  6:51  Marine x2  
  84  6:54  Supply Depot  
  84  6:55  Supply Depot  
  83  7:06  SCV x2  
  85  7:18  Armory, Engineering Bay, SCV x2  
  85  7:21  Supply Depot, Widow Mine  
  85  7:22  Supply Depot, Widow Mine  
  91  7:23  Marine x2  
  93  7:30  SCV  
  93  7:34  Ghost Academy  
  93  7:35  SCV  
  95  7:42  Marine x3  
  98  7:44  SCV  
  98  7:47  SCV  
  98  7:48  Terran Infantry Weapons Level 1  
  100  7:54  Marine x2  
  100  7:56  SCV  
  103  7:59  SCV  
  94  8:35  SCV x2  
  94  8:38  Marine x4  
  94  8:39  Marauder, Medivac, Widow Mine x2  
  109  8:43  Orbital Command  
  109  8:47  SCV  
  109  8:55  Bunker x2  
  107  8:56  Marine x2, Terran Infantry Armor Level 2  
  107  8:57  Terran Ship Weapons Level 1  
  107  9:00  Marauder  
  108  9:04  Liberator  
  94  9:18  Marine x4  
  94  9:20  Widow Mine x2  
  94  9:21  Marauder  
  98  9:36  Marine  
  98  9:37  Marine x3  
  102  9:43  Marauder  
  82  9:53  Marine  
  82  9:55  Marine x3  
  82  9:58  Orbital Command  
  77  10:04  Marauder, Widow Mine x2  
  77  10:05  Medivac  
  80  10:11  Marine  
  80  10:13  Marine x3  
  83  10:14  SCV x2  
  75  10:26  SCV, Marauder  
  74  10:29  Marine  
  74  10:31  Marine x3  
  74  10:35  Medivac  
  70  10:47  Marauder, Marine  
  70  10:48  Marine  
  70  10:49  Marine x2  
  61  10:57  SCV x2  
  63  11:05  Marine  
  63  11:06  Marine x2  
  63  11:07  Marine  
  63  11:08  Marauder  
  63  11:09  SCV  
  71  11:18  SCV  
  71  11:21  SCV  
  71  11:23  Marine  
  71  11:24  Marine x2  
  69  11:29  Terran Infantry Weapons Level 2, Marine x2  
  69  11:30  SCV  
  72  11:33  Widow Mine x2  
  72  11:39  Barracks  
  76  11:40  Marine  
  76  11:41  Barracks  
  76  11:42  Marine x2  
  81  11:47  SCV x2, Marine  
  81  11:51  Terran Infantry Armor Level 3  
  81  12:13  Marine x3  
  81  12:14  Marauder  
  81  12:25  Marine  
  70  12:30  Orbital Command  
  70  12:31  Marine  
  70  12:32  Widow Mine x2, Marine  
  70  12:33  Medivac  
  70  12:35  Marauder  
  80  12:43  Marine  
  77  12:49  Marine  
  77  12:50  Marine  
  76  12:56  Marauder  
  76  13:00  SCV  
  78  13:07  Marine  
  78  13:08  Marine  
  79  13:18  Marauder  
  81  13:21  Supply Depot  
  58  13:43  Marine x3  
  61  13:54  Marine  
  62  14:04  Orbital Command  
  61  14:25  SCV  
  62  14:33  SCV  
  62  14:37  SCV  
Tags
 
Composition
MMM Bio
Matchup
PvT
Add a new tag
Caveats
  • Supply blocks, unpowered buildings, or Contaminate may cause inaccurate times.
  • Supply counts are checked every 10 seconds.